 Dungeon Crawl Stone Soup version 0.20.0 (webtiles) character file.

95 Danakh the Slasher (level 4, -5/27 HPs)
             Began as a Tengu Warper on May 31, 2017.
             Killed from afar by an orc wizard (8 damage)
             ... with a magic dart
             ... on level 3 of the Dungeon.
             The game lasted 00:04:48 (2210 turns).

Danakh the Slasher (Tengu Warper)                   Turns: 2210, Time: 00:04:48

Health: -5/27      AC:  6    Str: 11    XL:     4   Next: 65%
Magic:  8/8        EV: 11    Int: 14    God:
Gold:   192        SH:  0    Dex: 14    Spells: 7/7 levels left

rFire    . . .     SeeInvis .   a - +0 falchion
rCold    . . .     Gourm    .   (no shield)
rNeg     . . .     Faith    .   l - +0 ring mail
rPois    .         Spirit   .   (helmet restricted)
rElec    .         Reflect  .   (no cloak)
rCorr    .         Harm     .   k - +0 pair of gloves
MR       .....                  (boots unavailable)
Stlth    +.........             (no amulet)
Regen    0.1/turn               (no ring)
MPRegen  0.2/turn               (no ring)

@: no status effects
A: beak, talons 3
a: no special abilities


You were on level 3 of the Dungeon.
You were not hungry.

You visited 1 branch of the dungeon, and saw 3 of its levels.

You collected 192 gold pieces.

Inventory:

Hand Weapons
 a - a +0 falchion (weapon)
Missiles
 e - 5 tomahawks of dispersal (quivered)
Armour
 b - a +0 leather armour
 k - a +0 pair of gloves (worn)
 l - a +0 ring mail (worn)
Scrolls
 d - 3 scrolls of blinking
 j - a scroll of remove curse {unknown}
 m - 3 scrolls of identify {unknown}
 n - 2 scrolls of enchant weapon {unknown}
 p - a scroll of recharging {unknown}
 q - a scroll of magic mapping {unknown}
Potions
 i - 3 potions of heal wounds {unknown}
 r - a potion of agility {unknown}
Books
 c - a book of Spatial Translocations

   Spells                             Type                      Level
   a - Blink                          Translocation                2
   b - Shroud of Golubria             Charms/Translocation         2
   c - Lesser Beckoning               Translocation                3
   d - Gell's Gravitas                Translocation                3
   e - Teleport Other                 Translocation                3
   f - Passage of Golubria            Translocation                4
Comestibles
 f - 2 bread rations
 g - 4 royal jellies
 h - 2 chunks of flesh
 o - 3 fruits


   Skills:
 + Level 2.4 Fighting
 * Level 3.7 Long Blades
 - Level 1.0 Throwing
 + Level 2.5 Armour
 + Level 2.9 Dodging
 - Level 2.0 Spellcasting
   Level 2.4 Translocations


You had 7 spell levels left.
You didn't know any spells.

Dungeon Overview and Level Annotations

Branches:
Dungeon (3/15)

Altars:
Uskayaw


Innate Abilities, Weirdness & Mutations

You have a beak for a mouth.
You have claws for feet.


Message History

The orc wizard barely misses you.
You miss the orc wizard.
The orc wizard is severely wounded.
The orc wizard barely misses you.
You barely miss the orc wizard. Your kick misses the orc wizard.
You peck the orc wizard, but do no damage.
The orc wizard is severely wounded.
The orc wizard hits you but does no damage.
You hit the orc wizard but do no damage.
Your peck misses the orc wizard.
The orc wizard is severely wounded.
The orc wizard closely misses you.
You hit the orc.
You kill the orc!
You start resting.
You closely miss the orc wizard.
The orc wizard is severely wounded.
The orc wizard points at you and mumbles some strange words.
The magic dart hits you!
You die...

#.##.##.# #.
#.##.# #.
#.##.# #.
#.##.# #.
#.##.# #.
#.### #.#.##
#....#
#.###@..###
#..o###.....
#.###.#.#####
##.# #o# .o#
.#.$ #...# #
###


You could see an orc wizard.

Vanquished Creatures
  5 adders
  2 worms (D:3)
  2 dart slugs (D:1)
  2 leopard geckos (D:2)
  An orc (D:3)
  A giant cockroach (D:2)
  3 goblins
  A hobgoblin (D:2)
  9 kobolds
  A quokka (D:2)
  6 bats
  3 frilled lizards
  6 rats
42 creatures vanquished.

Notes
Turn   | Place    | Note
-------+----------+-------------------------------------------
     0 | D:1      | Danakh the Tengu Warper began the quest for the Orb.
     0 | D:1      | Reached XP level 1. HP: 12/12 MP: 4/4
   262 | D:1      | Reached XP level 2. HP: 17/17 MP: 6/6
  1232 | D:2      | Found a hide-covered altar of Uskayaw.
  1234 | D:2      | Reached skill level 3 in Long Blades
  1234 | D:2      | Reached XP level 3. HP: 21/21 MP: 7/7
  1892 | D:3      | Reached XP level 4. HP: 26/26 MP: 8/8
  2210 | D:3      | Killed from afar by an orc wizard

Skill      XL: |  1  2  3 |
---------------+----------+-----
Long Blades    | 3 |  3.7
Armour         | 2 |  2.5
Fighting       | |  2.4
Throwing       | |  1.0
Dodging        | |  2.9
Spellcasting   | |  2.0
Translocations | |  2.4

Action                   |  1- 3 |  4- 6 || total
-------------------------+-------+-------++-------
Melee: Falchion          |    86 |    38 ||   124
       Kick              |    22 |    12 ||    34
       Peck              |    16 |     9 ||    25
  Use: Potion            |     1 |     1 ||     2
  Eat: Chunk             |     3 |     1 ||     4
Armor: Leather armour    |     5 |       ||     5
       Ring mail         |    31 |    15 ||    46
Dodge: Dodged            |    52 |    24 ||    76
       Rpst.: Falchion   |    19 |     7 ||    26
